 Dungeon Crawl Stone Soup version 0.29-a0-997-gf6f7e2dfe7 (webtiles) character file.

Game seed: 5466816003545158013

39 siradein the Shooter (level 3, -1/20 (21) HPs)
             Began as a Kobold Hunter on Aug 4, 2022.
             Slain by Terence
             ... wielding the +7 Throatcutter {drain, coup de grace}
              (6 damage)
             ... on level 3 of the Dungeon.
             The game lasted 00:02:30 (1688 turns).

siradein the Shooter (Kobold Hunter)                Turns: 1688, Time: 00:02:32

HP:   -1/20 (21)    AC:  4    Str:  8    XL:     3   Next: 67%
MP:   3/3           EV: 14    Int: 10    God:
Gold: 172           SH:  0    Dex: 20    Spells: 2/2 levels left

rFire   . . .      SeeInvis .   a - +0 shortbow
rCold   + . .      Faith    .   (shield currently unavailable)
rNeg    . . .      Spirit   .   n - +0 leather armour {rC+}
rPois   .          Reflect  .   j - +0 helmet
rElec   .          Harm     .   (no cloak)
rCorr   .          Rampage  .   (no gloves)
Will    .....                   (no boots)
Stlth   +++.......              (no amulet)
HPRegen 0.06/turn               (no ring)
MPRegen 0.08/turn               (no ring)

@: lightly drained
A: small, no large weapons, nightstalker 3
a: no special abilities


You were on level 3 of the Dungeon.
You visited 1 branch of the dungeon, and saw 3 of its levels.

You collected 172 gold pieces.

Inventory:

Hand Weapons
 a - a +0 shortbow (weapon)
Armour
 j - a +0 helmet (worn)
 n - a +0 leather armour of cold resistance (worn)
Scrolls
 b - a scroll of immolation
 c - a scroll of enchant armour {unknown}
 d - 2 scrolls of poison {unknown}
 k - a scroll of teleportation {unknown}
 o - a scroll of identify {unknown}
Potions
 e - a potion of heal wounds {unknown}
 f - a potion of lignification {unknown}
 g - 2 potions of curing {unknown}
 h - a potion of berserk rage {unknown}
 i - a potion of mutation {unknown}
 l - a potion of attraction {unknown}
 m - 4 potions of invisibility {unknown}


   Skills:
 - Level 2.1 Fighting
 + Level 6.8 Ranged Weapons
 - Level 2.4 Dodging
 - Level 1.3 Stealth


You had 2 spell levels left.
You didn't know any spells.
Your spell library contained the following spells:

 Spells                   Type           Power      Damage    Failure   Level
 Ozocubu's Armour         Ice            0%         N/A       86%         3
 Ozocubu's Refrigeration  Ice            0%         4d7       100%        7


Dungeon Overview and Level Annotations

Branches:
Dungeon (3/15)

Altars:

Annotations:
D:3 Terence


Innate Abilities, Weirdness & Mutations

You are small and have problems with some larger weapons.
You are completely attuned to the shadows.


Message History

No target in view!
(D) Dungeon
Where to? (Enter - D:2 @ (x,y), ? - help)
What level of the Dungeon? (default 1, ? - help)
There is a stone staircase leading down here.
You climb downwards.
You hear the sound of rushing water.
There is an entrance to a sewer on this level.
Hurry and find it before the portal rusts away!
Found a robe.
There is a stone staircase leading up here.
You see here a +0 robe.
A bat comes into view.
You see here 2 bubbling cyan potions.
You shoot an arrow. The arrow hits the bat!
You kill the bat!
No target in view!
m - 4 bubbling cyan potions (gained 2)
Found a ring mail.
You see here a +0 ring mail.
A hobgoblin comes into view.
The hobgoblin shouts!
You shoot an arrow. The arrow barely misses the hobgoblin.
You hear a shout!
You shoot an arrow.
The arrow hits the hobgoblin but does no damage.
The hobgoblin misses you.
You shoot an arrow. The arrow hits the hobgoblin.
The hobgoblin is severely wounded.
Terence the Incautious comes into view.
He is wielding the +7 Throatcutter {drain, coup de grace} and carrying a wand of light (1).
The hobgoblin barely misses you.
You shoot an arrow. The arrow barely misses the hobgoblin.
Terence shouts!
The hobgoblin barely misses you.
You shoot an arrow. The arrow hits the hobgoblin.
You kill the hobgoblin!
Terence hits you with the +7 Throatcutter {drain, coup de grace}!
Ouch! That really hurt!
* * * LOW HITPOINT WARNING * * *
You feel drained.
You die...

... #.# #.# #.##.#.#
#.# # #<##.#.# #.
#.#
#.#.##.#.###..#.#
#.........^...#.####
###..[........@@†...
######.######.####
#.# #.# #.# #.#
#.######.#
#.....[..#
##########


You could see Terence.

Vanquished Creatures
  An adder (D:2)
  A worm (D:2)
  3 bats
  2 endoplasms (D:2)
  2 giant cockroaches (D:2)
  2 goblins
  4 hobgoblins
  3 quokkas
  2 ball pythons (D:2)
  2 kobolds (D:2)
  3 rats
25 creatures vanquished.

Notes
Turn   | Place    | Note
-------+----------+-------------------------------------------
     0 | D:1      | siradein the Kobold Hunter began the quest for the Orb.
     0 | D:1      | Reached XP level 1. HP: 12/12 MP: 1/1
   333 | D:1      | Reached XP level 2. HP: 17/17 MP: 2/2
   625 | D:1      | Found a faded altar of an unknown god.
   726 | D:2      | Reached skill level 6 in Ranged Weapons
  1116 | D:2      | Reached XP level 3. HP: 21/21 MP: 3/3
  1686 | D:3      | Noticed Terence
  1688 | D:3      | Slain by Terence

Illustrated notes

Levels and vault maps discovered:
D:1:      psy_arrival_basics, layout_rooms, dilly_ecumenical_altar_fadedgnrine
D:2:      layout_basic, minmay_tromino_v4_a
D:3:      layout_loops_ring, nemelex_xobeh_ov_fountains_minmay,
          gup_sewer_entry_spiral, uniq_terence

Skill      XL: |  1  2 |
---------------+-------+-----
Ranged Weapons | 6 |  6.8
Fighting       | |  2.1
Dodging        | |  2.4
Stealth        | |  1.3

Action                   || total
-------------------------++-------
 Fire: Shortbow          ||    71
Armor: Leather armour    ||     6
Dodge: Dodged            ||    21

Table legend: (Time is in decaauts)
 A = Elapsed time spent in this place.
 B = Non-inter-level travel time spent in this place.
 C = Inter-level travel time spent in this place.
 D = Time resting spent in this place.
 E = Time spent auto-exploring this place.
 F = Levels seen in this place.
 G = Mean time per level.
                   A        B        C        D        E       F      G
               +--------+--------+--------+--------+--------+-----+--------+
         Total |   1703 |   1618 |     85 |      0 |   1418 |   3 |  567.7 |
       Dungeon |   1703 |   1618 |     85 |      0 |   1418 |   3 |  567.7 |
               +--------+--------+--------+--------+--------+-----+--------+

Top non-repeatable levels by time:
     D:2: 993 daAuts
     D:1: 679 daAuts
     D:3: 30 daAuts
